 Dungeon Sprint DCSS version 0.30-a0-867-g305f33218d (webtiles) character file.

Game seed: 12197554588365250744

10 dialectric the Trooper (level 2, 0/22 (25) HPs)
             Began as a Demonspawn Berserker on Mar 10, 2023.
             Was a Believer of Trog.
             Slain by a necrophage (5 damage)
             ... in the Dungeon (Sprint II: "The Violet Keep of Menkaure").
             The game lasted 00:01:08 (59 turns).

dialectric the Trooper (Demonspawn Berserker)         Turns: 59, Time: 00:01:08

HP:   0/22 (25)     AC:  2    Str: 17    XL:     2   Next: 10%
MP:   2/2           EV: 12    Int:  8    God:    Trog [**....]
Gold: 243           SH:  0    Dex: 12    Spells: 1/1 levels left

rFire   . . .      SeeInvis .    a - +0 mace
rCold   . . .      Faith    .    (no shield)
rNeg    . . .      Spirit   .    b - +0 animal skin
rPois   .          Reflect  .    (no helmet)
rElec   .          Rampage  .    (no cloak)
rCorr   .          NoTele   +    (no gloves)
Will    .....                    (no boots)
Stlth   +                        (no amulet)
HPRegen 0.23/turn                (no ring)
MPRegen 0.08/turn                (no ring)

@: heavily drained
A: demonic guardian 1
a: Renounce Religion, Berserk, Trog's Hand


You were in the Dungeon.
You worshipped Trog.
Trog was pleased with you.
You visited 1 branch You collected 243 gold pieces.

Inventory:

Hand Weapons
 a - a +0 mace (weapon)
Armour
 b - a +0 animal skin (worn)
Scrolls
 h - a scroll of blinking
Potions
 c - a potion of curing
 d - a potion of heal wounds
 e - a potion of haste
 f - 2 potions of magic
 g - a potion of berserk rage


   Skills:
 + Level 3.9 Fighting
 + Level 3.6 Maces & Flails
 + Level 2.1 Armour
 + Level 2.1 Dodging
 - Level 0.3 Spellcasting


You had one spell level left.
You didn't know any spells.
Your spell library was empty.

Dungeon Overview and Level Annotations

Branches:
Dungeon (1/1)

Altars:


Innate Abilities, Weirdness & Mutations

A weak demonic guardian rushes to your aid.


Message History

4 necrophages come into view.
Found 243 gold pieces.
You close the door.
A necrophage opens the door.
There is an open door here.
Things that are here:
a worm corpse; a worm corpse; a worm corpse You hit the necrophage.
The necrophage is lightly damaged.
The necrophage hits you!
You feel drained.
You barely miss the necrophage.
The necrophage is lightly damaged.
The necrophage barely misses you.
You hit the necrophage but do no damage.
The necrophage is lightly damaged.
The necrophage hits you.
You barely miss the necrophage.
The necrophage is lightly damaged.
The necrophage hits you.
You closely miss the necrophage.
The necrophage is lightly damaged.
The necrophage misses you. The necrophage completely misses you.
You hit the necrophage.
The necrophage is lightly damaged.
The necrophage completely misses you.
You hit the necrophage.
The necrophage is moderately damaged.
The necrophage hits you.
You feel drained.
You sock the necrophage!
The necrophage is severely damaged.
The necrophage completely misses you.
You hit the necrophage but do no damage.
You punch the necrophage.
The necrophage is severely damaged.
You recover from your berserk rage.
The necrophage hits you.
* * * LOW HITPOINT WARNING * * *
You hit the necrophage.
The necrophage is almost destroyed.
The necrophage hits you.
You die...

## ## ##.
.## ..#n.
### .$n
#.###'#
###.##n##
+.##@nn.+
#...##.##
##.###+#
###


You could see 3 necrophages.

Vanquished Creatures
  3 worms (D)
3 creatures vanquished.

Vanquished Creatures (others)
  Menkaure (D)
1 creature vanquished.

Grand Total: 4 creatures vanquished

Notes
Turn   | Place    | Note
-------+----------+-------------------------------------------
     0 | D        | dialectric the Demonspawn Berserker began the quest for the
                  | Orb.
     0 | D        | Reached XP level 1. HP: 18/18 MP: 1/1
    12 | D        | Reached ** piety under Trog
    13 | D        | Gained mutation: A weak demonic guardian rushes to your
                  | aid. [demonic ancestry]
    13 | D        | Reached XP level 2. HP: 25/25 MP: 2/2
    18 | D        | Killed Menkaure
    46 | D        | Noticed a necrophage
    46 | D        | Noticed a necrophage
    46 | D        | Noticed a necrophage
    46 | D        | Noticed a necrophage
    59 | D        | Slain by a necrophage

Illustrated notes

Levels and vault maps discovered:
D:        the_violet_keep_of_menkaure [sprint2_stairs_cluster_1,
          sprint2_shoproom, sprint2_temple, sprint2_basic_supplies,
          sprint2_obstacle_1, sprint2_obstacle_6, sprint2_obstacle_4,
          sprint2_obstacle_2, sprint2_obstacle_3, sprint2_timed_cluster_1,
          sprint2_smallroom_cluster_1, sprint2_smallroom_final_cluster_1,
          sprint2_transparent_cluster_1, sprint2_second_timed_cluster_1,
          sprint2_sniper_area_1, sprint2_heavy_combat_area_1,
          sprint2_mutation_trap_area_1, sprint2_forest_area_1,
          sprint2_light_combat_area_1, sprint2_behind_water_1,
          sprint2_near_end_vault_1]

Skill      XL: |  1 |
---------------+----+-----
Maces & Flails | 3 |  3.6
Armour         | 2 |  2.1
Dodging        | 2 |  2.1
Fighting       | |  3.9
Spellcasting   | |  0.3

Action                     || total
---------------------------++-------
  Melee: Mace              ||    18
         Punch             ||     1
 Invoke: Berserk           ||     1
  Dodge: Dodged            ||     5

Table legend: (Time is in decaauts)
 A = Elapsed time spent in this place.
 B = Non-inter-level travel time spent in this place.
 C = Inter-level travel time spent in this place.
 D = Time resting spent in this place.
 E = Time spent auto-exploring this place.
 F = Levels seen in this place.
 G = Mean time per level.
                   A        B        C        D        E       F      G
               +--------+--------+--------+--------+--------+-----+--------+
         Total |     73 |     73 |      0 |     19 |      0 |   1 |   73.0 |
       Dungeon |     73 |     73 |      0 |     19 |      0 |   1 |   73.0 |
               +--------+--------+--------+--------+--------+-----+--------+

Top non-repeatable levels by time:
       D: 73 daAuts
